 Dungeon Crawl Stone Soup version 0.18-a0-1186-gd02dc51 (webtiles) character file.

3647 kae the Pandemonic (level 9, -9/64 HPs)
             Began as a Demonspawn Monk on Jan 28, 2016.
             Was a High Priest of Makhleb.
             Shot with a sling bullet by Joseph (23 damage)
             ... on level 9 of the Dungeon.
             The game lasted 00:11:42 (9885 turns).

kae the Pandemonic (Demonspawn Monk)                Turns: 9885, Time: 00:11:43

Health: -9/64      AC:  6    Str: 12    XL:     9   Next: 88%
Magic:  18/18      EV: 19    Int: 11    God:    Makhleb [*****.]
Gold:   535        SH:  0    Dex: 24    Spells: 0 memorised, 8 levels left

rFire  . . .     SeeInvis .       - Unarmed
rCold  . . .     Gourm    .     a - +0 robe
rNeg   . . .     Faith    .     (no shield)
rPois  .         Spirit   .     (no helmet)
rElec  .         Dismiss  .     p - +0 cloak
rCorr  .         Reflect  .     (no gloves)
SustAt .         Harm     .     (no boots)
MR     .....                    m - amulet of rage
Stlth  +++.......               (no ring)
                                (no ring)

@: agile, not resistant to hostile enchantments, fairly stealthy
A: hooves 2, yellow scales 2, demonic guardian 1, powered by pain 1
a: Minor Destruction, Lesser Servant of Makhleb, Major Destruction, Greater
Servant of Makhleb, Renounce Religion, Evoke Berserk Rage


You were on level 9 of the Dungeon.
You worshipped Makhleb.
Makhleb was extremely pleased with you.
You were not hungry.

You visited 1 branch of the dungeon, and saw 9 of its levels.

You collected 535 gold pieces.

Inventory:

Armour
 a - a +0 robe (worn)
 p - a +0 cloak (worn)
Jewellery
 m - an amulet of rage (around neck)
 A - the amulet of Etyrph {Inacc Dex+3}
   (You found it on level 6 of the Dungeon)

   [amulet of inaccuracy]

   It reduces the accuracy of all your attacks.
   It affects your dexterity (+3).
Wands
 h - a wand of polymorph (13/24)
 s - a wand of polymorph (11/24)
 v - a wand of draining (7/15)
Scrolls
 c - 2 scrolls of amnesia
 d - 2 scrolls of teleportation
 e - 2 scrolls of fear
 k - a scroll of enchant weapon
 q - 2 scrolls of fog
 x - 2 scrolls of remove curse
Potions
 f - 6 potions of lignification
 g - 3 potions of flight
 j - 3 potions of haste
 l - 2 potions of magic
 o - 3 potions of curing
 r - a potion of experience {unknown}
 t - a potion of brilliance {unknown}
 u - 2 potions of cancellation
 C - a potion of mutation {unknown}
 D - a potion of poison {unknown}
Comestibles
 b - 7 bread rations
 i - 7 fruits
 n - 2 meat rations
 w - a royal jelly
 z - a beef jerky
 B - a slice of pizza
 E - a chunk of flesh


   Skills:
 + Level 3.5 Fighting
 - Level 2.6 Dodging
 - Level 1.7 Stealth
 - Level 10.2 Unarmed Combat
 - Level 12.0 Invocations


You had 8 spell levels left.
You didn't know any spells.

Dungeon Overview and Level Annotations

Branches:
Dungeon (9/15)             Temple (0/1) D:6
   Lair: D:8-11         Orc: D:9-12

Altars:
Ashenzari
Fedhas
Kikubaaqudgha
Makhleb
Nemelex Xobeh
Sif Muna
Vehumet
Xom
Zin
The Shining One

Shops:
D:2 *

Annotations:
D:9 Erica, Joseph


Innate Abilities, Weirdness & Mutations

You have hoof-like feet.
You are mostly covered in yellow scales (AC +3).
A weak demonic guardian rushes to your aid.
You sometimes gain a little power by taking damage.


Message History

There are monsters nearby!
You hit the orc zombie.
You destroy the orc zombie!
Makhleb accepts your kill.
Joseph shoots a sling bullet.
The sling bullet hits you! The sling bullet burns you.
Erica the Fiery-Tempered comes into view.
She is wielding a scimitar of flaming.
Erica moves out of view.
Joseph shoots a sling bullet.
The sling bullet hits you!!
* * * LOW HITPOINT WARNING * * *
You focus on the pain.
You feel agile all of a sudden. The sling bullet burns you.
* * * LOW HITPOINT WARNING * * *
You see here a sling bullet.
Unknown command.
Unknown command.
Unknown command.
You swap places.
Joseph shoots a sling bullet.
The sling bullet hits you!!
You die...

####.#........## ##.
#...............#<###.#
##..
.......%....##.#...
.(.. .....##...####.#.#
#.. ##....##..# ###.#
#..##.....#...# #.#
#...#.....##..# #.#
.F##....(._......# ..+
......5(@....#...# ..#
.......#.............
.##
...@...###+#.##..#!(..
..##..# .###..#.... .
#... .. ...# ### #...
... ...# #.. #### ##.
#.#


You could see Joseph, a giant frog and a friendly crimson imp.

Vanquished Creatures
  Prince Ribbit (D:6)
  Eustachio (D:7)
  2 hippogriffs
  2 water moccasins
  An ice beast (D:6)
  A sky beast (D:4)
  2 orc warriors
  A phantom (D:6)
  5 ogres
  2 centaurs
  A giant frog (D:6)
  3 wights (D:8)
  2 giant frog zombies
  2 crimson imps
  2 jellies (D:8)
  A wasp zombie (D:8)
  2 giant frog skeletons
  7 hounds
  9 orc wizards
  Crazy Yiuf (D:5)
  2 orc priests
  Jessica (D:2)
  2 centaur skeletons (D:8)
  An iguana (D:7)
  4 worker ants
  2 hound zombies
  A hound skeleton (D:7)
  A gnoll (D:3)
  7 adders
  A white imp (D:9)
  4 worms
  4 giant geckos
  19 orcs
  16 bats
  3 giant cockroaches
  10 goblins
  7 hobgoblins
  13 jackals
  4 quokkas
  2 ball pythons
  9 giant newts
  3 goblin skeletons (D:9)
  2 goblin zombies (D:9)
  A hobgoblin zombie (D:9)
  A jackal skeleton (D:8)
  10 kobolds
  2 kobold skeletons (D:9)
  A kobold zombie (D:9)
  4 orc zombies (D:9)
  2 quokka skeletons
  A quokka zombie (D:5)
  5 rats
193 creatures vanquished.

Vanquished Creatures (collateral kills)
  A phantom (D:5)
  A black bear (D:3)
  A centaur (D:5)
  A crimson imp (D:5)
  A centaur zombie (D:5)
  A hound (D:4)
  3 gnolls (D:3)
  An orc (D:6)
  A giant cockroach (D:8)
  A ball python (D:5)
  A kobold (D:3)
13 creatures vanquished.

Grand Total: 206 creatures vanquished

Notes
Turn   | Place    | Note
--------------------------------------------------------------
     0 | D:1      | kae the Demonspawn Monk began the quest for the Orb.
     0 | D:1      | Reached XP level 1. HP: 18/18 MP: 1/1
   294 | D:1      | Reached skill level 4 in Unarmed Combat
   298 | D:1      | Gained mutation: You sometimes gain a little power by taking damage. [demonic ancestry]
   298 | D:1      | Reached XP level 2. HP: 21/24 MP: 2/2
   911 | D:1      | Gained mutation: A weak demonic guardian rushes to your aid. [demonic ancestry]
   911 | D:1      | Reached XP level 3. HP: 27/29 MP: 3/3
  1146 | D:2      | Found a sparkling altar of Nemelex Xobeh.
  1530 | D:2      | Reached skill level 5 in Unarmed Combat
  1699 | D:2      | Found Zin's Purification Station.
  1701 | D:2      | Found a glowing silver altar of Zin.
  1766 | D:2      | Found an ancient bone altar of Kikubaaqudgha.
  1772 | D:2      | Reached XP level 4. HP: 24/35 MP: 4/4
  1925 | D:2      | Noticed Jessica
  1930 | D:2      | Killed Jessica
  2886 | D:3      | Reached XP level 5. HP: 38/41 MP: 5/5
  2982 | D:3      | Reached skill level 6 in Unarmed Combat
  3034 | D:3      | Found a blossoming altar of Fedhas.
  3157 | D:3      | Noticed a black bear
  3164 | D:3      | Killed a black bear
  3492 | D:4      | Noticed a hippogriff
  3502 | D:4      | HP: 2/41 [hippogriff (1)]
  3504 | D:4      | Killed a hippogriff
  3504 | D:4      | Reached skill level 7 in Unarmed Combat
  3504 | D:4      | Gained mutation: You are partially covered in yellow scales (AC +2). [demonic ancestry]
  3504 | D:4      | Reached XP level 6. HP: 2/47 MP: 6/6
  4260 | D:4      | Gained mutation: You are mostly covered in yellow scales (AC +3). [demonic ancestry]
  4260 | D:4      | Reached XP level 7. HP: 37/52 MP: 7/7
  4354 | D:4      | Found a radiant altar of Vehumet.
  4373 | D:4      | Found a burning altar of Makhleb.
  4402 | D:4      | Became a worshipper of Makhleb the Destroyer
  4402 | D:4      | Reached * piety under Makhleb
  4402 | D:4      | Reached ** piety under Makhleb
  4483 | D:5      | Entered Level 5 of the Dungeon
  4541 | D:5      | Reached skill level 8 in Unarmed Combat
  5174 | D:5      | Reached skill level 9 in Unarmed Combat
  5587 | D:5      | Noticed Crazy Yiuf
  5600 | D:5      | Killed Crazy Yiuf
  5600 | D:5      | Gained mutation: You have large cloven feet. [demonic ancestry]
  5600 | D:5      | Reached XP level 8. HP: 43/58 MP: 1/8
  5735 | D:6      | Noticed Prince Ribbit
  5747 | D:6      | Found a shattered altar of Ashenzari.
  6152 | D:6      | Found a staircase to the Ecumenical Temple.
  6152 | D:6      | You fall through a shaft for 2 floors!
  6171 | D:6      | Noticed Eustachio
  6179 | D:7      | Killed Eustachio
  6200 | D:6      | Reached *** piety under Makhleb
  6200 | D:6      | Reached skill level 10 in Unarmed Combat
  6438 | D:6      | Killed Prince Ribbit
  6642 | D:6      | Reached skill level 5 in Invocations
  6839 | D:6      | Gained mutation: You have hoof-like feet. [demonic ancestry]
  6839 | D:6      | Reached XP level 9. HP: 38/63 MP: 14/14
  7099 | D:6      | Found a shimmering altar of Xom.
  7114 | D:6      | Got a transparent amethyst amulet
  8072 | D:8      | Identified the amulet of Etyrph {Inacc Dex+3} (You found it on level 6 of the Dungeon)
  8165 | D:8      | Reached **** piety under Makhleb
  8462 | D:8      | Reached skill level 10 in Invocations
  8622 | D:8      | Reached skill level 11 in Invocations
  8860 | D:8      | Found a deep blue altar of Sif Muna.
  9309 | D:8      | Reached skill level 12 in Invocations
  9349 | D:9      | Noticed Joseph
  9825 | D:9      | Found a glowing golden altar of the Shining One.
  9878 | D:9      | Reached ***** piety under Makhleb
  9884 | D:9      | Noticed Erica
  9885 | D:9      | Shot with a sling bullet by Joseph

Vault maps used:
D:1:      dpeg_arrival_rooms_c
D:2:      kiku_gazebo_garden_becter, nemelex_xobeh_ov_fountains_minmay,
          zin_purify, uniq_jessica
D:3:      first_bread, fedhas_altar_4
D:4:      kennysheep_mini, kennysheep_mini_moat, nrook_mini_vaults
D:5:      kennysheep_spiral_hall, uniq_crazy_yiuf_cottage
D:6:      old_standard_altar, nicolae_ashenzari_panopticon, uniq_prince_ribbit1,
          uniq_eustachio
D:8:      kennysheep_orc_sif_temple
D:9:      lemuel_round_altar, hangedman_fish_farm, nicolae_tso_besieged_by_evil,
          uniq_erica, uniq_joseph

Action                   |  1- 3 |  4- 6 |  7- 9 || total
-------------------------+-------+-------+-------++-------
Melee: Unarmed           |   174 |   159 |   485 ||   818
Invok: Minor Destruction |       |       |     1 ||     1
  Use: Scroll            |       |     8 |     9 ||    17
 Stab: Sleeping          |     8 |       |     5 ||    13
       Distracted        |       |       |     3 ||     3
  Eat: Chunk             |     3 |     7 |    19 ||    29
